 Dungeon Crawl Stone Soup version 0.24-a0-201-gf205589 (webtiles) character file.

Game seed: 7222729974966864714

185 Borgoz the Skirmisher (level 5, 0/46 HPs)
             Began as a Ghoul Monk on Mar 22, 2019.
             Slain by a killer bee (6 damage)
             ... on level 5 of the Dungeon.
             The game lasted 00:06:49 (2100 turns).

Borgoz the Skirmisher (Ghoul Monk)                  Turns: 2100, Time: 00:06:51

Health: 0/46       AC:  5    Str: 15    XL:     5   Next: 64%
Magic:  4/4        EV: 11    Int:  5    God:
Gold:   140        SH:  0    Dex: 10    Spells: 4/4 levels left

rFire    . . .     SeeInvis .   f - +1 dagger (protect)
rCold    + + .     Gourm    .   (no shield)
rNeg     + + +     Faith    .   d - +0 ring mail
rPois    ∞         Spirit   .   (no helmet)
rElec    .         Reflect  .   (no cloak)
rCorr    .         Harm     .   (no gloves)
MR       .....                  (no boots)
Stlth    +.........             (no amulet)
HPRegen  0.00/turn              e - ring of protection from cold
MPRegen  0.09/turn              l - -2 ring of dexterity (curse)

@: rotting
A: rotting body, claws 1, carnivore, cold resistance 1, negative energy
resistance 3, inhibited regeneration, torment resistance, unbreathing
a: no special abilities


You were on level 5 of the Dungeon.
You were not hungry.

You visited 1 branch of the dungeon, and saw 5 of its levels.

You collected 140 gold pieces.

Inventory:

Hand Weapons
 f - a +1 dagger of protection (weapon)
Armour
 d - a +0 ring mail (worn)
 m - a +0 plate armour
Jewellery
 e - a ring of protection from cold (left claw)
 k - a cursed -2 ring of protection {unknown}
 l - a cursed -2 ring of dexterity (right claw)
Scrolls
 a - a scroll of teleportation
 j - a scroll of identify {unknown}
Potions
 g - 2 potions of heal wounds
 h - a potion of might {unknown}
 i - a potion of invisibility {unknown}
Comestibles
 b - 4 chunks of flesh
 c - 7 rations


   Skills:
 + Level 4.2 Fighting
 * Level 3.7 Short Blades
 + Level 1.6 Armour
 + Level 3.3 Dodging
 - Level 3.2 Stealth


You had 4 spell levels left.
You didn't know any spells.
Your spell library was empty.

Dungeon Overview and Level Annotations

Branches:
Dungeon (5/15)
 Temple: D:4-7

Altars:

Annotations:
D:4 Pikel


Innate Abilities, Weirdness & Mutations

Your body is rotting away.
You thrive on raw meat.
You are immune to poison.
You have sharp fingernails.
You are carnivorous and can eat meat at any time.
Your flesh is cold resistant. (rC+)
You are immune to negative energy. (rN+++)
You do not regenerate when monsters are visible.
You are immune to unholy pain and torment.
You can survive without breathing.


Message History

The killer bee misses you. The killer bee barely misses you.
The killer bee stings you but does no damage. x2
The killer bee stings you. The killer bee barely misses you.
The sky beast hits you. The sky beast shocks you. The killer bee stings you.
The killer bee barely misses you.
The killer bee stings you but does no damage.
The sky beast hits you but does no damage.
The killer bee closely misses you. The killer bee stings you.
The sky beast hits you. The sky beast shocks you.
* * * LOW HITPOINT WARNING * * *
The killer bee barely misses you.
The killer bee stings you but does no damage.
The killer bee stings you.
* * * LOW HITPOINT WARNING * * *
The killer bee stings you.
* * * LOW HITPOINT WARNING * * *
The killer bee barely misses you. The killer bee stings you.
You die...

##### ##^#.####
******#####.......##
*,,,,*#..#y........## ***
**,,,,,#..yyY........# ,,**
*,,,,,,##y#..........# # ,,,*
**,,,,,#@.####...##..####
,,********,,#.......###..#.......
**,,,**,*,,,##.....##*#...#..<...
,**,,,,,*,,,*#.#..........#.###..
,,*,<,,,,,,,,..#.....#.....(.*##.
,,*,,,,,,,,,........##...?...*#..
,,*,,,,,,,,...,.....##.......*#..
≈**,,,***,....,.....#*......,#...
**,,,** **,,,,,,,,,,,,....,,,##.#


You could see 4 killer bees.

Vanquished Creatures
  2 worker ants (D:4)
  5 adders
  2 oozes
  A worm (D:3)
  2 dart slugs
  3 leopard geckos
  6 bats
  3 giant cockroaches
  6 goblins
  8 hobgoblins
  12 jackals
  A quokka (D:2)
  2 ball pythons
  8 frilled lizards
  9 kobolds
  6 rats
76 creatures vanquished.

Notes
Turn   | Place    | Note
-------+----------+-------------------------------------------
     0 | D:1      | Borgoz the Ghoul Monk began the quest for the Orb.
     0 | D:1      | Reached XP level 1. HP: 19/19 MP: 0/0
   166 | D:1      | Reached XP level 2. HP: 23/26 MP: 1/1
   368 | D:1      | Reached XP level 3. HP: 20/31 MP: 2/2
   710 | D:2      | Reached skill level 1 in Armour
  1206 | D:2      | Reached XP level 4. HP: 36/40 MP: 3/3
  1771 | D:3      | Reached skill level 4 in Fighting
  1779 | D:3      | Reached XP level 5. HP: 38/46 MP: 4/4
  1883 | D:4      | Noticed a slave
  1883 | D:4      | Noticed a slave
  1884 | D:4      | Noticed Pikel
  1884 | D:4      | Noticed a slave
  1884 | D:4      | Noticed a slave
  1929 | D:5      | Entered Level 5 of the Dungeon
  2090 | D:5      | Noticed a sky beast
  2100 | D:5      | Slain by a killer bee

Levels and vault maps discovered:
D:1:      dpeg_arrival_rooms_c, layout_rooms, minmay_unequal
D:2:      layout_rooms
D:3:      layout_basic, first_ration
D:4:      layout_cave_pods, minmay_manual_moon, uniq_pikel
D:5:      layout_cave_pools, bloody_trog, gup_sewer_entry_pipe,
          lexackson_kobold_supper

Skill      XL: |  1  2  3  4 |
---------------+-------------+-----
Short Blades   | 3 |  3.7
Armour         | 1 |  1.6
Dodging        | 3 |  3.3
Stealth        | 3 |  3.2
Fighting       | 4 |  4.2

Action                   |  1- 3 |  4- 6 || total
-------------------------+-------+-------++-------
Melee: Short sword       |    99 |       ||    99
       Dagger            |   138 |   307 ||   445
  Use: Potion            |     2 |       ||     2
       Scroll            |     1 |     5 ||     6
  Eat: Chunk             |     8 |    12 ||    20
Armor: Ring mail         |    93 |   189 ||   282
Dodge: Dodged            |   134 |   229 ||   363

Table legend:
 A = Non-vault XP
 B = Vault XP
 C = Vault XP percentage of total XP
 D = Non-vault monster count
 E = Vault monster count
 F = Vault count percentage of total count
                 A         B        C        D         E       F
            +---------+---------+-------+---------+---------+-------
      Total |     264 |       1 |   0.4 |      75 |       1 |   1.3
            +---------+---------+-------+---------+---------+-------
        D:1 |      40 |       1 |   2.4 |      23 |       1 |   4.2
        D:2 |      58 |       0 |   0.0 |      19 |       0 |   0.0
        D:3 |      69 |       0 |   0.0 |      23 |       0 |   0.0
        D:4 |      89 |       0 |   0.0 |       6 |       0 |   0.0
        D:5 |       8 |       0 |   0.0 |       4 |       0 |   0.0
            +---------+---------+-------+---------+---------+-------
